BR
PALMYRA OVERLORDS @ GILBERT FIRE FIGHTERS
08/23/2026
 
TOP OF THE 1ST
Palmyra Overlords batting - Pitching for Gilbert Fire Fighters : RHP Carlos Olmedo
Pitching: RHP Carlos Olmedo
Batting: LHB Rubén Martínez 0-0: Called Strike
0-1: Foul Ball, location: 2F
0-2: Ground out 4-3 (Groundball, 4)
Batting: RHB Jaime Rodríguez 0-0: Ball
1-0: Swinging Strike
1-1: Ball
2-1: Foul Ball, location: 2F
2-2: Ball
3-2: SINGLE (Line Drive, 78M)
Batting: RHB Paco Franco 0-0: Ball
1-0: Called Strike
1-1: Fly out, F9 (Flyball, 89M)
Batting: RHB Lúcio Alfaro 0-0: Ball
1-0: Called Strike
1-1: Fielders Choice at 2nd, U6 (Groundball, 6M)
Top of the 1st over - 0 run(s), 1 hit(s), 0 error(s), 1 left on base; Palmyra 0 - Gilbert 0
BOTTOM OF THE 1ST
Gilbert Fire Fighters batting - Pitching for Palmyra Overlords : RHP Gustavo Hernández
Pitching: RHP Gustavo Hernández
Batting: RHB Ángel Serrano 0-0: Ball
1-0: Ball
2-0: Foul Ball, location: 2F
2-1: Ground out 5-3 (Groundball, 5)
Batting: RHB Edgardo Castro 0-0: Ground out 5-3 (Groundball, 56)
Batting: RHB Stan Simpson 0-0: Hit by Pitch
Batting: RHB William Wilson 0-0: Foul Ball, location: 2F
0-1: Ball
1-1: Fielders Choice at 2nd, 6-4 (Groundball, 6)
Bottom of the 1st over - 0 run(s), 0 hit(s), 0 error(s), 0 left on base; Palmyra 0 - Gilbert 0
TOP OF THE 2ND
Palmyra Overlords batting - Pitching for Gilbert Fire Fighters : RHP Carlos Olmedo
Batting: RHB José Ortega 0-0: Called Strike
0-1: Foul Ball, location: 2F
0-2: Ball
1-2: Strikes out swinging
Batting: LHB Júlio Lorenzo 0-0: Ground out 6-3 (Groundball, 6M)
Batting: LHB Roberto Rodríguez 0-0: SINGLE (Line Drive, 8RS)
Batting: SHB José Rincón 0-0: Called Strike
Roberto Rodríguez is caught stealing 2nd base
Top of the 2nd over - 0 run(s), 1 hit(s), 0 error(s), 0 left on base; Palmyra 0 - Gilbert 0
BOTTOM OF THE 2ND
Gilbert Fire Fighters batting - Pitching for Palmyra Overlords : RHP Gustavo Hernández
Batting: LHB Jim Knight 0-0: Foul Ball, location: 2F
0-1: Swinging Strike
0-2: Ball
1-2: Strikes out looking
Batting: RHB Andrés Silva 0-0: Called Strike
0-1: Swinging Strike
0-2: Foul Ball, location: 2F
0-2: Ball
1-2: Strikes out swinging
Batting: RHB Ed Keesee 0-0: Ball
1-0: Fly out, F9 (Flyball, 9M)
Bottom of the 2nd over - 0 run(s), 0 hit(s), 0 error(s), 0 left on base; Palmyra 0 - Gilbert 0
TOP OF THE 3RD
Palmyra Overlords batting - Pitching for Gilbert Fire Fighters : RHP Carlos Olmedo
Batting: SHB José Rincón 0-0: Called Strike
0-1: Ground out 4-3 (Groundball, 4)
Batting: LHB Dennis McConnell 0-0: Ball
1-0: Ball
2-0: Called Strike
2-1: Foul Ball, location: 2F
2-2: Ball
3-2: Ground out 3-1 (Groundball, 34)
Batting: LHB Rubén Martínez 0-0: Ball
1-0: Foul Ball, location: 2F
1-1: Ball
2-1: Swinging Strike
2-2: Ground out 4-3 (Groundball, 4)
Top of the 3rd over - 0 run(s), 0 hit(s), 0 error(s), 0 left on base; Palmyra 0 - Gilbert 0
BOTTOM OF THE 3RD
Gilbert Fire Fighters batting - Pitching for Palmyra Overlords : RHP Gustavo Hernández
Batting: RHB José Hernández 0-0: Ball
1-0: Ball
2-0: Foul Ball, location: 2F
2-1: Fly out, F9 (Popup, 4D)
Batting: RHB Scott McCullough 0-0: Ball
1-0: Ball
2-0: SINGLE (Line Drive, 4D)
Batting: RHB Ángel Serrano 0-0: Grounds into double play, 5-4-3 (Groundball, 5)
Bottom of the 3rd over - 0 run(s), 1 hit(s), 0 error(s), 0 left on base; Palmyra 0 - Gilbert 0
TOP OF THE 4TH
Palmyra Overlords batting - Pitching for Gilbert Fire Fighters : RHP Carlos Olmedo
Batting: RHB Jaime Rodríguez 0-0: Ball
1-0: Ball
2-0: Fly out, F9 (Line Drive, 9M)
Batting: RHB Paco Franco 0-0: Ball
1-0: Ground out 6-3 (Groundball, 6)
Batting: RHB Lúcio Alfaro 0-0: Foul Ball, location: 2F
0-1: Foul Ball, location: 2F
0-2: Ball
1-2: SINGLE (Line Drive, 8LS)
Batting: RHB José Ortega 0-0: Ball
1-0: Called Strike
Lúcio Alfaro steals 2nd base
1-1: Swinging Strike
1-2: Ball
2-2: Fly out, F6 (Line Drive, 6)
Top of the 4th over - 0 run(s), 1 hit(s), 0 error(s), 1 left on base; Palmyra 0 - Gilbert 0
BOTTOM OF THE 4TH
Gilbert Fire Fighters batting - Pitching for Palmyra Overlords : RHP Gustavo Hernández
Batting: RHB Edgardo Castro 0-0: Called Strike
0-1: Swinging Strike
0-2: Ball
1-2: Foul Ball, location: 2F
1-2: Ball
2-2: Foul Ball, location: 2F
2-2: Ground out 6-3 (Groundball, 6)
Batting: RHB Stan Simpson 0-0: Fly out, F7 (Line Drive, 7M)
Batting: RHB William Wilson 0-0: Ball
1-0: SINGLE (Line Drive, 4MD)
Batting: LHB Jim Knight 0-0: Foul Ball, location: 2F
0-1: Ball
1-1: DOUBLE (Line Drive, 78S)
William Wilson to third
Runner from 3rd tries for Home, SAFE, no throw or cutoff
Batting: RHB Andrés Silva 0-0: Ball
1-0: DOUBLE (Flyball, 7D)
Jim Knight scores
Batting: RHB Ed Keesee 0-0: Called Strike
0-1: Ball
1-1: SINGLE (Line Drive, 6D)
Andrés Silva to third
Runner from 3rd tries for Home, SAFE, throw made home
Ed Keesee to second
Batting: RHB José Hernández 0-0: Ball
1-0: Fly out, F9 (Popup, 34D)
Bottom of the 4th over - 3 run(s), 4 hit(s), 0 error(s), 1 left on base; Palmyra 0 - Gilbert 3
TOP OF THE 5TH
Palmyra Overlords batting - Pitching for Gilbert Fire Fighters : RHP Carlos Olmedo
Batting: LHB Júlio Lorenzo 0-0: Foul Ball, location: 2F
0-1: Ball
1-1: SINGLE (Groundball, 34D)
Batting: LHB Roberto Rodríguez 0-0: DOUBLE (Flyball, 8LXD)
Júlio Lorenzo to third
Runner from 3rd tries for Home, SAFE, no throw or cutoff
Batting: SHB José Rincón 0-0: Ball
1-0: SINGLE (Groundball, 4M)
Roberto Rodríguez to third
Runner from 3rd tries for Home, throw and OUT!
José Rincón to second
Batting: LHB Dennis McConnell 0-0: Called Strike
0-1: Ball
1-1: Ground out 4-3 (Groundball, 4)
José Rincón to third
Batting: LHB Rubén Martínez 0-0: Foul Ball, location: 2F
0-1: Foul Ball, location: 2F
0-2: SINGLE (Flyball, 78M)
José Rincón scores
Batting: RHB Jaime Rodríguez 0-0: Ball
1-0: Called Strike
1-1: SINGLE (Popup, 23)
Rubén Martínez to second
Runner from 2nd tries for 3rd, SAFE, throw made to third
Jaime Rodríguez to second
Batting: RHB Paco Franco 0-0: Called Strike
0-1: Foul Ball, location: 2F
0-2: Ball
1-2: Foul Ball, location: 2F
1-2: Ball
2-2: Ball
3-2: Base on Balls
Batting: RHB Lúcio Alfaro 0-0: Ball
1-0: Called Strike
1-1: Ball
2-1: Swinging Strike
2-2: Strikes out swinging
Top of the 5th over - 2 run(s), 5 hit(s), 0 error(s), 3 left on base; Palmyra 2 - Gilbert 3
BOTTOM OF THE 5TH
Gilbert Fire Fighters batting - Pitching for Palmyra Overlords : RHP Gustavo Hernández
Batting: RHB Scott McCullough 0-0: Ball
1-0: Called Strike
1-1: Called Strike
1-2: Fly out, F8 (Flyball, 8LM)
Batting: RHB Ángel Serrano 0-0: Ball
1-0: Ball
2-0: Called Strike
2-1: Ball
3-1: Ground out 1-3 (Groundball, 13S)
Batting: RHB Edgardo Castro 0-0: Swinging Strike
0-1: Ball
1-1: Ball
2-1: Ball
3-1: Swinging Strike
3-2: Strikes out swinging
Bottom of the 5th over - 0 run(s), 0 hit(s), 0 error(s), 0 left on base; Palmyra 2 - Gilbert 3
TOP OF THE 6TH
Palmyra Overlords batting - Pitching for Gilbert Fire Fighters : RHP Carlos Olmedo
Batting: RHB José Ortega 0-0: Ball
1-0: Ball
2-0: Swinging Strike
2-1: Fly out, F7 (Line Drive, 7D)
Pitching: RHP Ernest Elliott
Batting: LHB Júlio Lorenzo 0-0: Called Strike
0-1: Ball
1-1: Ball
2-1: Swinging Strike
2-2: Fly out, F9 (Flyball, 89S)
Batting: LHB Roberto Rodríguez 0-0: Ball
1-0: Foul Ball, location: 2F
1-1: Ball
2-1: Called Strike
2-2: SINGLE (Line Drive, 89S)
Batting: SHB José Rincón 0-0: Ball
1-0: Ball
2-0: Ball
3-0: Called Strike
3-1: Base on Balls
Roberto Rodríguez to second
Batting: LHB Dennis McConnell 0-0: Ball
1-0: Ball
2-0: SINGLE (Line Drive, 6MD)
Roberto Rodríguez to third
José Rincón to second
Runner from 3rd tries for Home, SAFE, no throw or cutoff
Batting: LHB Rubén Martínez 0-0: Called Strike
0-1: Ground out 4-3 (Groundball, 34)
Top of the 6th over - 1 run(s), 2 hit(s), 0 error(s), 2 left on base; Palmyra 3 - Gilbert 3
BOTTOM OF THE 6TH
Gilbert Fire Fighters batting - Pitching for Palmyra Overlords : RHP Gustavo Hernández
Batting: RHB Stan Simpson 0-0: Ball
1-0: Ground out 4-3 (Groundball, 4M)
Batting: RHB William Wilson 0-0: Ground out 6-3 (Groundball, 6)
Batting: LHB Jim Knight 0-0: Ball
1-0: Called Strike
1-1: Ball
2-1: Ball
3-1: Fly out, F7 (Line Drive, 8LXD)
Bottom of the 6th over - 0 run(s), 0 hit(s), 0 error(s), 0 left on base; Palmyra 3 - Gilbert 3
TOP OF THE 7TH
Palmyra Overlords batting - Pitching for Gilbert Fire Fighters : RHP Ernest Elliott
Batting: RHB Jaime Rodríguez 0-0: Ball
1-0: Ball
2-0: Ball
3-0: Called Strike
3-1: Called Strike
3-2: Ground out 6-3 (Groundball, 6)
Pinch Hitting: LHB Ryan Flynn 0-0: Ball
1-0: Foul Ball, location: 2F
1-1: Called Strike
1-2: Strikes out swinging
Batting: RHB Lúcio Alfaro 0-0: Ball
1-0: Ball
2-0: Ball
3-0: Called Strike
3-1: Foul Ball, location: 2F
3-2: Base on Balls
Batting: RHB José Ortega 0-0: Ball
Lúcio Alfaro is caught stealing 2nd base
Top of the 7th over - 0 run(s), 0 hit(s), 0 error(s), 0 left on base; Palmyra 3 - Gilbert 3
BOTTOM OF THE 7TH
Gilbert Fire Fighters batting - Pitching for Palmyra Overlords : RHP Gustavo Hernández
Now at SS: David Rodríguez
Batting: RHB Andrés Silva 0-0: Ground out 6-3 (Groundball, 6)
Batting: RHB Ed Keesee 0-0: Swinging Strike
0-1: Ball
1-1: Swinging Strike
1-2: Foul Ball, location: 2F
1-2: Foul Ball, location: 2F
1-2: Foul Ball, location: 2F
1-2: SINGLE (Groundball, 3D)
Batting: RHB José Hernández 0-0: Ball
1-0: Ball
2-0: Called Strike
2-1: Called Strike
2-2: SINGLE (Line Drive, 6D)
Ed Keesee to second
Pitching: RHP Jason MacKnight
Batting: RHB Scott McCullough 0-0: Called Strike
0-1: Ball
1-1: Ball
2-1: Ball
3-1: Called Strike
3-2: Foul Ball, location: 2F
3-2: Strikes out swinging
Batting: RHB Ángel Serrano 0-0: Ball
1-0: Fly out, F4 (Line Drive, 4)
Bottom of the 7th over - 0 run(s), 2 hit(s), 0 error(s), 2 left on base; Palmyra 3 - Gilbert 3
TOP OF THE 8TH
Palmyra Overlords batting - Pitching for Gilbert Fire Fighters : RHP Ernest Elliott
Pitching: RHP Mauro Vásquez
Batting: RHB José Ortega 0-0: Foul Ball, location: 2F
0-1: Ball
1-1: Called Strike
1-2: Ball
2-2: SINGLE (Line Drive, 4MD)
Pinch Runner at 1st J.T. Paull:
Batting: LHB Júlio Lorenzo 0-0: Ball
1-0: Fielders Choice at 2nd, 4-6 (Groundball, 4)
Batting: LHB Roberto Rodríguez 0-0: Ball
1-0: Swinging Strike
1-1: Fielders Choice at 2nd, 4-6 (Groundball, 4)
Pinch Hitting: LHB Jeff West 0-0: Ball
Roberto Rodríguez is caught stealing 2nd base
Top of the 8th over - 0 run(s), 1 hit(s), 0 error(s), 0 left on base; Palmyra 3 - Gilbert 3
BOTTOM OF THE 8TH
Gilbert Fire Fighters batting - Pitching for Palmyra Overlords : RHP Jason MacKnight
Now at 3B: Edmund Swanson
Batting: RHB Edgardo Castro 0-0: Foul Ball, location: 2F
0-1: Hit by Pitch
Batting: RHB Stan Simpson 0-0: Ball
1-0: Ball
Wild Pitch!
Edgardo Castro to second
2-0: Fly out, F8 (Flyball, 8LS)
Batting: RHB William Wilson 0-0: Intentional Walk
Batting: LHB Jim Knight 0-0: Called Strike
0-1: Ball
1-1: Hit by Pitch
Edgardo Castro to third
William Wilson to second
Batting: RHB Andrés Silva 0-0: Called Strike
0-1: Called Strike
0-2: Strikes out swinging
Batting: RHB Ed Keesee 0-0: DOUBLE (Flyball, 78M)
Edgardo Castro scores
William Wilson scores
Jim Knight to third
Batting: RHB José Hernández 0-0: Called Strike
0-1: Called Strike
0-2: Strikes out swinging
Bottom of the 8th over - 2 run(s), 1 hit(s), 0 error(s), 2 left on base; Palmyra 3 - Gilbert 5
TOP OF THE 9TH
Palmyra Overlords batting - Pitching for Gilbert Fire Fighters : RHP Mauro Vásquez
Pitching: RHP Jorge Ríos
Batting: RHB Edmund Swanson 0-0: Called Strike
0-1: Ball
1-1: Ball
2-1: Foul Ball, location: 2F
2-2: Fly out, F8 (Flyball, 8RM)
Batting: LHB Dennis McConnell 0-0: Called Strike
0-1: Ball
1-1: Foul Ball, location: 2F
1-2: Strikes out swinging passed ball, reaches first!
Batting: LHB Rubén Martínez 0-0: Ball
1-0: Called Strike
1-1: Foul Ball, location: 2F
1-2: Ball
2-2: Foul Ball, location: 2F
2-2: Strikes out looking
Batting: RHB Jaime Rodríguez 0-0: Ball
1-0: Ball
2-0: 2-RUN HOME RUN (Flyball, 8LXD), Distance : 453 ft
Pinch Hitting: LHB Ramón Morán 0-0: Called Strike
0-1: Swinging Strike
0-2: Ball
1-2: Strikes out swinging
Top of the 9th over - 2 run(s), 1 hit(s), 0 error(s), 0 left on base; Palmyra 5 - Gilbert 5
BOTTOM OF THE 9TH
Gilbert Fire Fighters batting - Pitching for Palmyra Overlords : RHP Jason MacKnight
Pitching: LHP Ánibal Barajas
Now at SS: Matt Thompson
Batting: RHB Scott McCullough 0-0: Ball
1-0: Ball
2-0: Swinging Strike
2-1: Ball
3-1: Called Strike
3-2: Strikes out swinging
Batting: RHB Ángel Serrano 0-0: Ball
1-0: Fly out, F9 (Flyball, 9M)
Batting: RHB Edgardo Castro 0-0: Ball
1-0: Called Strike
1-1: Swinging Strike
1-2: Strikes out swinging
Bottom of the 9th over - 0 run(s), 0 hit(s), 0 error(s), 0 left on base; Palmyra 5 - Gilbert 5
TOP OF THE 10TH
Palmyra Overlords batting - Pitching for Gilbert Fire Fighters : RHP Jorge Ríos
Batting: RHB Lúcio Alfaro 0-0: Called Strike
0-1: Foul Ball, location: 2F
0-2: Ball
1-2: Ball
2-2: Ball
3-2: Foul Ball, location: 2F
3-2: Base on Balls
Batting: RHB J.T. Paull 0-0: Swinging Strike
0-1: Ball
1-1: Called Strike
1-2: Fly out, F4 (Popup, 4)
Batting: LHB Júlio Lorenzo 0-0: Called Strike
0-1: Ball
1-1: Ball
2-1: Ground out 4-3 (Groundball, 4M)
Lúcio Alfaro to second
Batting: LHB Roberto Rodríguez 0-0: Ball
1-0: Ball
Wild Pitch!
Lúcio Alfaro to third
2-0: Foul Ball, location: 2F
2-1: Ball
3-1: Base on Balls
Batting: RHB Edmund Swanson 0-0: Ball
1-0: Swinging Strike
1-1: Foul Ball, location: 2F
1-2: Strikes out swinging
Top of the 10th over - 0 run(s), 0 hit(s), 0 error(s), 2 left on base; Palmyra 5 - Gilbert 5
BOTTOM OF THE 10TH
Gilbert Fire Fighters batting - Pitching for Palmyra Overlords : LHP Ánibal Barajas
Batting: RHB Stan Simpson 0-0: Called Strike
0-1: Ball
1-1: Ground out 3-1 (Groundball, 34)
Batting: RHB William Wilson 0-0: Called Strike
0-1: Foul Ball, location: 2F
0-2: Strikes out swinging
Batting: LHB Jim Knight 0-0: Ground out 1-3 (Groundball, 13S)
Bottom of the 10th over - 0 run(s), 0 hit(s), 0 error(s), 0 left on base; Palmyra 5 - Gilbert 5
TOP OF THE 11TH
Palmyra Overlords batting - Pitching for Gilbert Fire Fighters : RHP Jorge Ríos
Batting: LHB Dennis McConnell 0-0: Called Strike
0-1: Ball
1-1: Called Strike
1-2: Ball
2-2: Strikes out looking
Batting: LHB Rubén Martínez 0-0: Called Strike
0-1: Swinging Strike
0-2: Foul Ball, location: 2F
0-2: Strikes out swinging
Batting: RHB Jaime Rodríguez 0-0: Ball
1-0: Swinging Strike
1-1: Called Strike
1-2: Foul Ball, location: 2F
1-2: Ball
2-2: Strikes out looking
Top of the 11th over - 0 run(s), 0 hit(s), 0 error(s), 0 left on base; Palmyra 5 - Gilbert 5
BOTTOM OF THE 11TH
Gilbert Fire Fighters batting - Pitching for Palmyra Overlords : LHP Ánibal Barajas
Pitching: RHP Paul Orr
Batting: RHB Andrés Silva 0-0: Called Strike
0-1: Ball
1-1: Foul Ball, location: 2F
1-2: Ball
2-2: Foul Ball, location: 2F
2-2: Foul Ball, location: 2F
2-2: Strikes out swinging
Batting: RHB Ed Keesee 0-0: Ball
1-0: Ground out 6-3 (Groundball, 6M)
Batting: RHB José Hernández 0-0: Foul Ball, location: 2F
0-1: Foul Ball, location: 2F
0-2: Strikes out swinging
Bottom of the 11th over - 0 run(s), 0 hit(s), 0 error(s), 0 left on base; Palmyra 5 - Gilbert 5
TOP OF THE 12TH
Palmyra Overlords batting - Pitching for Gilbert Fire Fighters : RHP Jorge Ríos
Pinch Hitting: LHB Jerry Tolbert 0-0: Foul Ball, location: 2F
0-1: TRIPLE (Groundball, 3D)
Batting: RHB Lúcio Alfaro 0-0: Ball
1-0: Fly out, F4 (Popup, 4MD)
Batting: RHB J.T. Paull 0-0: Fly out, F9 (Line Drive, 8RM)
Runner from 3rd tags up, SCORES, no throw
Batting: LHB Júlio Lorenzo 0-0: Ball
1-0: Ball
2-0: Ball
3-0: Base on Balls
Pitching: LHP Miguel Rodríguez
Pinch Hitting: RHB Carlos López 0-0: Ball
1-0: Fly out, F8 (Flyball, 8LM)
Top of the 12th over - 1 run(s), 1 hit(s), 0 error(s), 1 left on base; Palmyra 6 - Gilbert 5
BOTTOM OF THE 12TH
Gilbert Fire Fighters batting - Pitching for Palmyra Overlords : RHP Paul Orr
Now at SS: Travis Martin
Now in LF: Jerry Tolbert
Batting: RHB Scott McCullough 0-0: Ball
1-0: Swinging Strike
1-1: DOUBLE (Flyball, 7LM)
Batting: RHB Ángel Serrano 0-0: Ball
1-0: Ball
2-0: Called Strike
2-1: Ball
3-1: Base on Balls
Batting: RHB Edgardo Castro 0-0: Swinging Strike
0-1: Ball
1-1: Sac Bunt - play at third, runner OUT -> throw to first, DP!
Ángel Serrano to second
Batting: RHB Stan Simpson 0-0: Ground out 6-3 (Groundball, 6M)
Bottom of the 12th over - 0 run(s), 1 hit(s), 0 error(s), 1 left on base; Palmyra 6 - Gilbert 5
Monday, December 5th, 2016 - OOTP Baseball 17.12 Build 75